 Dungeon Crawl Stone Soup version 0.28-b1-25-g9875b3fc8c (webtiles) character file.

Game seed: 14429754701756258484

485 crazypyro the Chopper (level 6, -5/47 HPs)
             Began as a Demonspawn Fighter on Jan 31, 2022.
             Slain by an ogre (18 damage)
             ... on level 4 of the Dungeon.
             The game lasted 00:04:44 (3490 turns).

crazypyro the Chopper (Demonspawn Fighter)          Turns: 3490, Time: 00:04:45

Health: -5/47      AC: 10    Str: 18    XL:     6   Next: 88%
Magic:  6/6        EV: 12    Int: 10    God:
Gold:   118        SH:  0    Dex: 12    Spells: 5/5 levels left

rFire   . . .      SeeInvis .   a - +0 war axe
rCold   . . .      Faith    .   (no shield)
rNeg    . . .      Spirit   .   l - +0 chain mail
rPois   .          Reflect  .   (helmet restricted)
rElec   .          Harm     .   (no cloak)
rCorr   +          Rampage  .   h - +0 pair of gloves
Will    .....                   (no boots)
Stlth   ..........              (no amulet)
HPRegen 0.15/turn               s - ring of resist corrosion
MPRegen 0.10/turn               (no ring)

@: agile
A: hooves 1, horns 1, powered by pain 1, demonic touch 1
a: no special abilities


You were on level 4 of the Dungeon.
You visited 1 branch of the dungeon, and saw 4 of its levels.

You collected 118 gold pieces.

Inventory:

Hand Weapons
 a - a +0 war axe (weapon)
Missiles
 g - 2 throwing nets (quivered)
Armour
 b - a +0 scale mail
 c - a +0 buckler
 h - a +0 pair of gloves (worn)
 l - a +0 chain mail (worn)
Jewellery
 f - an amulet of faith
 s - a ring of resist corrosion (left hand)
Scrolls
 e - 2 scrolls of summoning {unknown}
 i - a scroll of magic mapping {unknown}
 j - 3 scrolls of fog {unknown}
 k - a scroll of noise {unknown}
 m - a scroll of amnesia {unknown}
 q - 6 scrolls of identify {unknown}
 t - 2 scrolls of teleportation {unknown}
 w - a scroll of holy word {unknown}
 y - a scroll of enchant weapon {unknown}
 z - a scroll of blinking {unknown}
Potions
 d - a potion of might
 n - 2 potions of brilliance
 o - 2 potions of berserk rage
 u - a potion of degeneration {unknown}
 v - a potion of invisibility {unknown}
 x - a potion of resistance {unknown}


   Skills:
 - Level 3.0 Fighting
 * Level 6.8 Axes
 - Level 2.7 Armour
 - Level 2.7 Shields


You had 5 spell levels left.
You didn't know any spells.
Your spell library contained the following spells:

 Spells                   Type           Power      Damage    Failure   Level
 Pain                     Necr           0%         1d4       99%         1
 Summon Small Mammal      Summ           0%         N/A       99%         1
 Corpse Rot               Necr/Air       0%         N/A       100%        2
 Poisonous Vapours        Pois/Air       0%         N/A       100%        2
 Call Canine Familiar     Summ           0%         N/A       100%        3
 Inner Flame              Hex/Fire       0%         N/A       100%        3
 Summon Guardian Golem    Hex/Summ       0%         N/A       100%        3
 Cause Fear               Hex            0%         N/A       100%        4
 Agony                    Necr           0%         N/A       100%        5
 Excruciating Wounds      Necr           0%         N/A       100%        5
 Discord                  Hex            0%         N/A       100%        8


Dungeon Overview and Level Annotations

Branches:
Dungeon (4/15)
 Temple: D:4-7

Altars:

Annotations:
D:3 3 runed translucent doors, BeavisTheGrey's ghost, weakling DsGl; Ekaitz's ghost, amateur DsNe; YungCoward's ghost, amateur HOFi; YungCoward's ghost, amateur HuFi


Innate Abilities, Weirdness & Mutations

You have large cloven feet.
You have a pair of small horns on your head.
You sometimes gain a little power by taking damage.
Your touch may inflict minor irresistible damage on your foes.


Message History

Your headbutt misses the phantom.
The phantom is severely damaged.
You feel sick. The phantom barely misses you.
You barely miss the phantom. You headbutt the phantom.
The phantom is severely damaged.
You feel sick. The phantom hits you.
* * * LOW HITPOINT WARNING * * *
The phantom hits you but does no damage.
You barely miss the phantom. You kick the phantom. You headbutt the phantom.
You destroy the phantom!
You feel sick.
You are no longer poisoned.
Your life force feels restored.
You feel less attractive to monsters.
You feel a little less clever now.
An ogre is nearby!
Things that are here:
a +0 dagger; 4 poisoned darts; a kobold corpse
Things that are here:
a +0 club; 5 stones; a kobold corpse The ogre hits you with a +0 giant club.
Things that are here:
a +0 whip; 7 poisoned darts; a kobold corpse
There is an open door here.
You see here an adder skeleton.
There is an open door here.
You hit the ogre. You headbutt the ogre. Your touch misses the ogre.
The ogre is moderately wounded.
The ogre barely misses you.
You slash the ogre!
You headbutt the ogre, but do no damage.
The ogre is heavily wounded.
The ogre hits you with a +0 giant club!
* * * LOW HITPOINT WARNING * * *
You focus on the pain.
You feel agile all of a sudden.
You hit the ogre.
You touch the ogre.
The ogre is almost dead.
The ogre hits you with a +0 giant club!!
You die...

........[..................#####
.....###........####.##..........
#.####...###..........#..........
.....'................#..........
#.####...#######......#.........
#.# #...##....#..............#
#.# #######.88.#..............#
#.# #)O..##.88.#...)..........#
#.#..####.#....O@.............#
#.#. #)#รท####..............# #.#
#.#..##...............# #.#
##)#..##...............# #.#
#.####.#..............##
#.#..###.# #)#...^..........#
..###?(#.# #.#..............##
...##((#.####.#......#........#
...######....##...............#


You could see an ogre.

Vanquished Creatures
  A black bear (D:3)
  A phantom (D:4)
  A scorpion (D:3)
  A wight (D:4)
  An orc wizard (D:4)
  3 gnolls (D:4)
  6 adders
  An ufetubus (D:4)
  A worm (D:2)
  5 dart slugs
  10 orcs
  4 ball pythons
  6 endoplasms
  5 giant cockroaches
  6 hobgoblins
  4 jackals (D:1)
  3 quokkas
  4 bats
  2 frilled lizards
  5 goblins
  11 kobolds
  6 rats
87 creatures vanquished.

Vanquished Creatures (others)
  2 withered plants (D:3)
2 creatures vanquished.

Grand Total: 89 creatures vanquished

Notes
Turn   | Place    | Note
-------+----------+-------------------------------------------
     0 | D:1      | crazypyro the Demonspawn Fighter began the quest for the
                  | Orb.
     0 | D:1      | Reached XP level 1. HP: 18/18 MP: 1/1
    42 | D:1      | Reached skill level 2 in Axes
   373 | D:1      | Discovered your monstrous ancestry.
   373 | D:1      | Gained mutation: You have large cloven feet. [demonic
                  | ancestry]
   373 | D:1      | Reached XP level 2. HP: 24/24 MP: 2/2
   506 | D:1      | Reached skill level 3 in Axes
   720 | D:1      | Found a faded altar of an unknown god.
   947 | D:2      | Gained mutation: Your touch may inflict minor irresistible
                  | damage on your foes. [demonic ancestry]
   947 | D:2      | Reached XP level 3. HP: 26/29 MP: 3/3
  1563 | D:2      | Reached skill level 4 in Axes
  1563 | D:2      | Reached XP level 4. HP: 35/35 MP: 4/4
  1997 | D:3      | Noticed a scorpion
  2004 | D:3      | Killed a scorpion
  2005 | D:3      | Reached skill level 5 in Axes
  2005 | D:3      | Gained mutation: You have a pair of small horns on your
                  | head. [demonic ancestry]
  2005 | D:3      | Reached XP level 5. HP: 28/41 MP: 5/5
  2441 | D:3      | Found a runed translucent gate.
  2441 | D:3      | Found a runed translucent gate.
  2441 | D:3      | Found a runed translucent gate.
  2441 | D:3      | Noticed BeavisTheGrey's ghost (weakling DsGl)
  2441 | D:3      | Noticed Ekaitz's ghost (amateur DsNe)
  2442 | D:3      | Noticed YungCoward's ghost (amateur HOFi)
  2443 | D:3      | Noticed YungCoward's ghost (amateur HuFi)
  2587 | D:3      | Noticed a black bear
  2595 | D:3      | Killed a black bear
  2874 | D:4      | Gained mutation: You sometimes gain a little power by
                  | taking damage. [demonic ancestry]
  2874 | D:4      | Reached XP level 6. HP: 40/47 MP: 6/6
  3076 | D:4      | Reached skill level 6 in Axes
  3490 | D:4      | Slain by an ogre

Illustrated notes

Levels and vault maps discovered:
D:1:      mainiacjoe_arrival_reflecting_pool, layout_loops_ring,
          hellmonk_ecumenical_altar_run_dry
D:2:      layout_basic, hangedman_decor_clover_reticule
D:3:      layout_loops_cross, gammafunk_ghost_cemetery
D:4:      minmay_chambers_of_fours, layout_basic, grunt_tough_drop

Skill      XL: |  1  2  3  4  5  6 |
---------------+-------------------+-----
Axes           | 2 3 4 5 6 |  6.8
Fighting       | |  3.0
Armour         | |  2.7
Shields        | |  2.7

Action                   |  1- 3 |  4- 6 || total
-------------------------+-------+-------++-------
Melee: War axe           |   106 |    94 ||   200
       Kick              |    13 |    22 ||    35
       Touch             |     3 |    10 ||    13
       Headbutt          |       |    16 ||    16
  Use: Potion            |       |     3 ||     3
Armor: Scale mail        |    22 |       ||    22
       Chain mail        |    52 |    64 ||   116
Dodge: Dodged            |    40 |    40 ||    80
Block: Buckler           |    19 |       ||    19
